 Dungeon Crawl Stone Soup version 0.27-a0-1291-geefcff550b (webtiles) character file.

Game seed: 11739949081707378689

925 HoaS the Cruncher (level 8, -5/44 HPs)
             Began as a Gargoyle Gladiator on June 15, 2021.
             Splashed by Ijyb's acid (14 damage)
             ... on level 5 of the Dungeon.
             The game lasted 00:08:42 (5172 turns).

HoaS the Cruncher (Gargoyle Gladiator)              Turns: 5172, Time: 00:08:43

Health: -5/44      AC: 11    Str: 21    XL:     8   Next: 10%
Magic:  8/8        EV:  8    Int:  8    God:
Gold:   241        SH:  0    Dex: 11    Spells: 7/7 levels left

rFire    . . .     SeeInvis +   a - +1 quarterstaff (vamp)
rCold    . . .     Faith    .   (shield currently unavailable)
rNeg     + . .     Spirit   .   r - +0 chain mail
rPois    ∞         Reflect  .   c - +0 helmet
rElec    +         Harm     .   (no cloak)
rCorr    .         Rampage  .   k - +0 pair of gloves
Will     .....                  (no boots)
Stlth    ..........             (no amulet)
HPRegen  0.14/turn              e - ring of flight
MPRegen  0.11/turn              m - ring of see invisible

@: corroded, flying
A: sickness immunity, AC +5, negative energy resistance 1, electricity
resistance, torment resistance 1, petrification resistance
a: no special abilities


You were on level 5 of the Dungeon.
You visited 1 branch of the dungeon, and saw 5 of its levels.

You collected 241 gold pieces.

Inventory:

Hand Weapons
 a - a +1 vampiric quarterstaff (weapon)
Missiles
 d - 15 poisoned darts
 f - 4 curare-tipped darts
 i - 6 boomerangs (quivered)
 l - 18 bolts
Armour
 c - a +0 helmet (worn)
 k - a +0 pair of gloves (worn)
 r - a +0 chain mail (worn)
Jewellery
 e - a ring of flight (left hand)
 m - a ring of see invisible (right hand)
Wands
 o - a wand of paralysis (4)
Scrolls
 b - a scroll of blinking
Potions
 g - a potion of degeneration {unknown}
 h - 2 potions of curing
 j - a potion of flight {unknown}
 p - 2 potions of cancellation {unknown}
 q - a potion of ambrosia {unknown}


   Skills:
 - Level 2.1 Fighting
 * Level 9.5 Staves
 - Level 1.7 Throwing
 - Level 2.4 Dodging


You had 7 spell levels left.
You didn't know any spells.
Your spell library contained the following spells:

 Spells                   Type           Power      Damage    Failure   Level
 Animate Skeleton         Necr           0%         N/A       99%         1
 Apportation              Tloc           0%         N/A       99%         1
 Corona                   Hex            0%         N/A       99%         1
 Summon Small Mammal      Summ           0%         N/A       99%         1


Dungeon Overview and Level Annotations

Branches:
Dungeon (5/15)
 Temple: D:4-7

Altars:
Kikubaaqudgha

Shops:
D:2 (

Annotations:
D:5 Ijyb


Innate Abilities, Weirdness & Mutations

You are immune to sickness and miasma.
Your stone body is resilient. (AC +5)
You are immune to poison.
You resist negative energy. (rN+)
You are resistant to electric shocks. (rElec)
You are resistant to unholy torment.
You are immune to petrification.


Message History

The orc warrior hits you with a +0 short sword.
You hit the orc warrior but do no damage.
The orc warrior is moderately wounded.
You closely miss the orc warrior.
The orc warrior is moderately wounded.
The orc warrior hits you but does no damage.
You hit the orc warrior but do no damage.
The orc warrior is moderately wounded.
The orc warrior hits you with a +0 short sword!
You hit the orc warrior but do no damage.
The orc warrior is moderately wounded.
The orc warrior barely misses you.
You thump the orc warrior!
The orc warrior is severely wounded.
The orc warrior hits you but does no damage.
You completely miss the orc warrior.
The orc warrior is severely wounded.
The orc warrior hits you but does no damage.
You hit the orc warrior but do no damage.
The orc warrior is severely wounded.
You thump the orc warrior!
You feel better.
You kill the orc warrior!
You have reached level 8!
You feel stronger.
Ijyb is no longer paralysed.
The orc hits you with a +0 short sword.
Ijyb zaps a wand.
The bolt of acid hits the orc!!
The orc is splashed with acid.
The acid corrodes the orc!
The orc dies!
The bolt of acid hits you but does no damage.
The acid corrodes you!
You are splashed with acid!!
Things that are here:
a +0 short sword; a +0 chain mail; an orc corpse The orc barely misses you.
The orc hits you but does no damage.
Ijyb zaps a wand.
The bolt of acid hits the orc!!
The orc is splashed with acid.
The acid corrodes the orc!
The orc dies!
The bolt of acid hits you.
* * * LOW HITPOINT WARNING * * *
You are splashed with acid!
You die...

#......# ... #.#.##^#.#.#
#......# .. #...##.#.#.# #......#
##..##.#.#.# #####......#
#..##.#...# ....#......#
#..#....... ....#......#
######..#....... ....#......#
.....##.#.......
....#############.g...##.........
...............)@)....##.........
....#############o....##....#####
....# .....##.#..# # ....#
.....##.#.>##### ....###
.....##......... ......#
.....######...#. ###...# #.#....
..... #...# .#.### ..).. #...#
....#


You could see Ijyb and an orc.

Vanquished Creatures
  A black bear (D:4)
  An orc warrior (D:5)
  An ice beast (D:5)
  A necrophage (D:4)
  2 ogres (D:5)
  A hound (D:3)
  A bullfrog skeleton (D:5)
  2 iguanas (D:4)
  A killer bee zombie (D:5)
  7 gnolls
  8 adders
  An adder skeleton (D:4)
  2 worms
  4 dart slugs
  5 orcs
  6 bats
  11 endoplasms
  6 giant cockroaches
  7 goblins
  7 hobgoblins
  7 jackals
  8 kobolds
  3 quokkas
  13 ball pythons
  3 frilled lizards
  8 rats
117 creatures vanquished.

Vanquished Creatures (others)
  2 orcs (D:5)
2 creatures vanquished.

Grand Total: 119 creatures vanquished

Notes
Turn   | Place    | Note
-------+----------+-------------------------------------------
     0 | D:1      | HoaS the Gargoyle Gladiator began the quest for the Orb.
     0 | D:1      | Reached XP level 1. HP: 12/12 MP: 1/1
    65 | D:1      | Noticed an eye of devastation
    70 | D:1      | Noticed a great orb of eyes
    72 | D:1      | Found a faded altar of an unknown god.
    73 | D:1      | Noticed a great orb of eyes
    73 | D:1      | Noticed an eye of devastation
    94 | D:1      | Reached XP level 2. HP: 16/17 MP: 2/2
  1269 | D:1      | Reached skill level 4 in Staves
  1301 | D:1      | Reached XP level 3. HP: 17/21 MP: 3/3
  1503 | D:2      | Found Hipos's Weapon Shoppe.
  2058 | D:2      | Reached XP level 4. HP: 21/26 MP: 4/4
  2108 | D:2      | Reached skill level 5 in Staves
  3261 | D:3      | Reached XP level 5. HP: 20/30 MP: 5/5
  3495 | D:3      | Reached skill level 6 in Staves
  3648 | D:4      | Reached XP level 6. HP: 33/35 MP: 6/6
  3854 | D:4      | Found an ancient bone altar of Kikubaaqudgha.
  3865 | D:4      | Noticed a black bear
  3880 | D:4      | Killed a black bear
  3881 | D:4      | Reached skill level 7 in Staves
  4347 | D:4      | Noticed a necrophage
  4359 | D:4      | Killed a necrophage
  4360 | D:4      | Reached XP level 7. HP: 35/40 MP: 7/7
  4471 | D:4      | Reached skill level 8 in Staves
  4730 | D:5      | Entered Level 5 of the Dungeon
  5069 | D:5      | Reached skill level 9 in Staves
  5156 | D:5      | Noticed Ijyb
  5171 | D:5      | Reached XP level 8. HP: 36/44 MP: 8/8
  5172 | D:5      | Splashed by Ijyb's acid

Illustrated notes

Levels and vault maps discovered:
D:1:      dpeg_arrival_pits, layout_basic,
          hellmonk_ecumenical_altar_watching_god, minmay_misc_feat_roman
D:2:      layout_basic, serial_shops, shop, solitary_fountain,
          hangedman_decor_lopped
D:3:      layout_loops_ring
D:4:      layout_basic, amcnicky_altar_gilded, st_stairs_12,
          minmay_snake_closets
D:5:      layout_basic, uniq_ijyb

Skill      XL: |  1  2  3  4  5  6  7 |
---------------+----------------------+-----
Staves         | 4 5 6 7 9 |  9.5
Fighting       | |  2.1
Throwing       | |  1.7
Dodging        | |  2.4

Action                   |  1- 3 |  4- 6 |  7- 9 || total
-------------------------+-------+-------+-------++-------
Melee: Quarterstaff      |   115 |   211 |    62 ||   388
Throw: Throwing net      |       |     2 |     1 ||     3
       Boomerang         |       |       |     5 ||     5
Evoke: Wand              |       |       |     2 ||     2
  Use: Scroll            |     2 |     6 |       ||     8
 Stab: Sleeping          |     2 |       |       ||     2
       Held in net/web   |       |     2 |     3 ||     5
Armor: Leather armour    |    39 |       |       ||    39
       Ring mail         |    12 |    84 |       ||    96
       Chain mail        |       |     1 |    29 ||    30
Dodge: Dodged            |    80 |   120 |    17 ||   217

Table legend: (Time is in decaauts)
 A = Elapsed time spent in this place.
 B = Non-inter-level travel time spent in this place.
 C = Inter-level travel time spent in this place.
 D = Time resting spent in this place.
 E = Time spent auto-exploring this place.
 F = Levels seen in this place.
 G = Mean time per level.
                   A        B        C        D        E       F      G
               +--------+--------+--------+--------+--------+-----+--------+
         Total |   5182 |   4863 |    319 |    856 |   3201 |   5 | 1036.4 |
       Dungeon |   5182 |   4863 |    319 |    856 |   3201 |   5 | 1036.4 |
               +--------+--------+--------+--------+--------+-----+--------+

Top non-repeatable levels by time:
     D:1: 1341 daAuts
     D:2: 1268 daAuts
     D:4: 1227 daAuts
     D:3: 906 daAuts
     D:5: 437 daAuts
